General information
- name: BNet
- type: Ladder team game (AT/RT)
- host: Battle.net
- saver: Maaaaaaaaaaaaan
map: Mur'gulOasis
- players: 8
- length: 44:55
- speed: Fast
- version: 1.26 W3XP
- replay type: Public
» download(207 KB)
Players
team 1 (loser)
tatarinov (
orange | 38 APM | 1016 actions | 26:52)
5 Blademaster
2 Wind Walk
3 Critical Strike
2 Shadow Hunter
1 Healing Wave
1 Serpent Ward
» actions
| Basic commands | 1 | |
| Build / train | 71 | |
| Enter build submenu | 23 | |
| Enter hero's abilities submenu | 7 | |
| Right click | 461 | |
| Select / deselect | 365 | |
| Use ability | 88 | |
1016 total
» units
| Peon | 7 | |
| Grunt | 13 | |
| Raider | 7 | |
| Troll Batrider | 4 | |
| Shaman | 4 | |
| Wind Rider | 2 | |
37 total
» upgrades
| Shaman Training | 2 | |
| Ensnare | 1 | |
| Armor | 1 | |
| Spiked Barricades | 1 | |
| Pillage | 1 | |
| Envenomed Spears | 1 | |
7 total
» buildings
| Altar of Storms | 2 | |
| Orc Burrow | 5 | |
| Barracks | 1 | |
| Voodoo Lounge | 1 | |
| War Mill | 1 | |
| Watch Tower | 6 | |
| Stronghold | 1 | |
| Beastiary | 1 | |
| Spirit Lodge | 1 | |
| Fortress | 1 | |
| Great Hall | 1 | |
21 total
» build order
00:08 Altar of Storms
00:10 Orc Burrow
00:30 Barracks
01:37 Orc Burrow
01:50 Voodoo Lounge
02:28 War Mill
03:53 Watch Tower
05:08 Stronghold
05:11 Orc Burrow
07:36 Beastiary
07:49 Spirit Lodge
11:11 Fortress
11:25 Orc Burrow
13:22 Watch Tower
14:49 Watch Tower
16:13 Watch Tower
17:28 Watch Tower
18:26 Watch Tower
21:05 Orc Burrow
23:01 Altar of Storms
25:15 Great Hall
» items
| Healing Salve | 4 | |
| Lesser Clarity Potion | 3 | |
| Scroll of Speed | 1 | |
| Potion of Healing | 1 | |
| Scroll of Town Portal | 6 | |
| Orb of Lightning | 1 | |
16 total
Breezewood (
red | 21 APM | 492 actions | 23:37)
3 Blood Mage
2 Flame Strike
1 Siphon Mana
» actions
| Assign group hotkey | 6 | |
| Basic commands | 28 | |
| Build / train | 40 | |
| Enter build submenu | 19 | |
| Enter hero's abilities submenu | 3 | |
| Right click | 187 | |
| Select / deselect | 136 | |
| Select group hotkey | 49 | |
| Use ability | 24 | |
492 total
» units
» upgrades
» buildings
| Altar of Kings | 1 | |
| Farm | 10 | |
| Blacksmith | 1 | |
| Barracks | 2 | |
| Lumber Mill | 1 | |
| Keep | 1 | |
| Town Hall | 2 | |
18 total
» build order
00:55 Altar of Kings
01:06 Farm
01:34 Blacksmith
01:46 Farm
02:01 Barracks
02:23 Farm
03:13 Lumber Mill
03:37 Farm
04:25 Farm
05:07 Barracks
06:15 Farm
06:59 Farm
07:03 Keep
09:11 Farm
11:52 Farm
12:34 Farm
14:29 Town Hall
19:45 Town Hall
Maaaaaaaaaaaaan (
green | 48 APM | 2152 actions | 44:55)
10 Mountain King
3 Storm Bolt
3 Thunder Clap
1 Avatar
3 Bash
» actions
| Assign group hotkey | 83 | |
| Basic commands | 81 | |
| Build / train | 90 | |
| Enter build submenu | 36 | |
| Enter hero's abilities submenu | 10 | |
| Give item / drop item | 1 | |
| Remove unit from queue | 2 | |
| Right click | 1038 | |
| Select / deselect | 450 | |
| Select group hotkey | 275 | |
| Use ability | 85 | |
2152 total
» units
| Peasant | 9 | |
| Footman | 7 | |
| Gryphon Rider | 6 | |
| Rifleman | 14 | |
| Siege Engine | 7 | |
43 total
» upgrades
| Swords | 2 | |
| Masonry | 3 | |
| Animal War Training | 1 | |
| Storm Hammers | 1 | |
| Armor | 3 | |
| Gunpowder | 3 | |
| Long Rifles | 1 | |
| Barrage | 1 | |
15 total
» buildings
| Altar of Kings | 1 | |
| Barracks | 2 | |
| Farm | 12 | |
| Keep | 5 | |
| Scout Tower | 11 | |
| Arcane Tower | 1 | |
| Lumber Mill | 1 | |
| Blacksmith | 1 | |
| Gryphon Aviary | 2 | |
| Castle | 2 | |
| Guard Tower | 8 | |
| Town Hall | 2 | |
| Workshop | 2 | |
| Arcane Vault | 1 | |
51 total
» build order
00:05 Altar of Kings
00:09 Barracks
00:13 Farm
01:26 Farm
02:38 Keep
02:38 Keep
02:39 Keep
02:58 Scout Tower
03:02 Farm
03:55 Arcane Tower
04:18 Lumber Mill
04:26 Blacksmith
05:43 Gryphon Aviary
05:55 Castle
06:53 Farm
06:55 Farm
06:58 Scout Tower
07:26 Guard Tower
08:23 Gryphon Aviary
10:59 Farm
11:01 Farm
12:55 Farm
13:41 Scout Tower
13:44 Scout Tower
14:01 Scout Tower
14:13 Guard Tower
16:11 Town Hall
18:59 Guard Tower
19:05 Guard Tower
20:33 Keep
20:45 Scout Tower
21:25 Guard Tower
21:51 Scout Tower
22:24 Guard Tower
22:58 Castle
23:17 Scout Tower
23:37 Scout Tower
23:46 Guard Tower
24:07 Guard Tower
24:57 Barracks
25:25 Workshop
25:35 Workshop
26:24 Farm
28:01 Arcane Vault
29:01 Farm
29:02 Farm
29:03 Farm
40:12 Town Hall
44:02 Scout Tower
44:03 Scout Tower
» items
| Staff of Teleportation | 1 | |
| Orb of Fire | 1 | |
2 total

»
reflexzz (
yellow | 46 APM | 1081 actions | 23:42)
5 Mountain King
3 Thunder Clap
2 Storm Bolt
» actions
| Assign group hotkey | 12 | |
| Basic commands | 1 | |
| Build / train | 48 | |
| Enter build submenu | 23 | |
| Enter hero's abilities submenu | 5 | |
| Remove unit from queue | 3 | |
| Right click | 563 | |
| Select / deselect | 297 | |
| Select group hotkey | 86 | |
| Use ability | 43 | |
1081 total
» units
| Peasant | 10 | |
| Rifleman | 11 | |
| Siege Engine | 6 | |
27 total
» upgrades
| Plating | 0 | |
| Gunpowder | 3 | |
| Lumber Harvesting | 1 | |
| Armor | 1 | |
| Long Rifles | 2 | |
| Barrage | 1 | |
8 total
» buildings
| Altar of Kings | 1 | |
| Blacksmith | 1 | |
| Farm | 11 | |
| Lumber Mill | 1 | |
| Barracks | 1 | |
| Keep | 1 | |
| Castle | 1 | |
| Workshop | 2 | |
| Town Hall | 1 | |
20 total
» build order
00:35 Altar of Kings
00:56 Blacksmith
01:17 Farm
02:00 Lumber Mill
02:10 Farm
02:16 Barracks
02:48 Farm
03:58 Keep
04:40 Farm
05:03 Farm
05:31 Farm
06:32 Farm
06:34 Castle
08:37 Workshop
08:41 Workshop
10:43 Farm
11:33 Farm
12:13 Farm
13:01 Farm
14:02 Town Hall
» items
| Lesser Clarity Potion | 1 | |
| Healing Salve | 1 | |
2 total
team 2 (winner)

»
audi-A7 (
pink | 60 APM | 2174 actions | 36:29)
7 Priestess of the Moon
3 Trueshot Aura
3 Searing Arrows
1 Starfall
» actions
| Assign group hotkey | 14 | |
| Build / train | 76 | |
| Enter build submenu | 27 | |
| Enter hero's abilities submenu | 7 | |
| Remove unit from queue | 7 | |
| Right click | 1117 | |
| Select / deselect | 369 | |
| Select group hotkey | 512 | |
| Use ability | 45 | |
2174 total
» units
| Wisp | 26 | |
| Archer | 25 | |
| Hippogryph | 7 | |
58 total
» upgrades
| Improved Bows | 1 | |
| Hippogryph Taming | 1 | |
2 total
» buildings
| Moon Well | 13 | |
| Ancient of War | 2 | |
| Altar of Elders | 2 | |
| Tree of Ages | 1 | |
| Ancient of Wind | 2 | |
| Hunter's Hall | 2 | |
| Tree of Life | 4 | |
26 total
» build order
00:07 Moon Well
00:14 Ancient of War
01:01 Moon Well
01:56 Altar of Elders
03:13 Moon Well
03:18 Tree of Ages
03:36 Moon Well
03:56 Moon Well
05:48 Ancient of Wind
05:51 Ancient of Wind
09:34 Moon Well
11:34 Hunter's Hall
14:08 Moon Well
15:32 Tree of Life
19:10 Tree of Life
24:59 Moon Well
25:03 Altar of Elders
25:53 Moon Well
26:03 Moon Well
26:13 Ancient of War
26:16 Moon Well
26:43 Moon Well
27:39 Moon Well
28:33 Hunter's Hall
30:00 Tree of Life
31:58 Tree of Life
» items
| Dust of Appearance | 1 | |
| Potion of Healing | 2 | |
3 total
bigT (
teal | 11 APM | 415 actions | 37:37)
3 Paladin
2 Holy Light
1 Divine Shield
» actions
| Assign group hotkey | 13 | |
| Basic commands | 27 | |
| Build / train | 47 | |
| Enter build submenu | 17 | |
| Enter hero's abilities submenu | 3 | |
| Remove unit from queue | 2 | |
| Right click | 88 | |
| Select / deselect | 134 | |
| Select group hotkey | 43 | |
| Use ability | 41 | |
415 total
» units
» buildings
| Barracks | 1 | |
| Blacksmith | 1 | |
| Farm | 5 | |
| Altar of Kings | 1 | |
| Keep | 1 | |
| Scout Tower | 5 | |
| Lumber Mill | 1 | |
| Arcane Tower | 0 | |
| Guard Tower | 1 | |
| Arcane Vault | 1 | |
17 total
» build order
00:51 Barracks
01:08 Blacksmith
01:22 Farm
01:40 Altar of Kings
01:54 Farm
01:57 Farm
02:02 Farm
03:02 Farm
04:01 Keep
04:04 Scout Tower
04:17 Lumber Mill
04:24 Scout Tower
04:32 Scout Tower
04:36 Scout Tower
04:40 Arcane Tower
04:46 Scout Tower
05:04 Guard Tower
06:51 Arcane Vault
fadfsdfsfsd (
purple | 49 APM | 2198 actions | 44:55)
9 Mountain King
3 Storm Bolt
3 Bash
1 Avatar
2 Thunder Clap
» actions
| Assign group hotkey | 27 | |
| Basic commands | 39 | |
| Build / train | 68 | |
| Enter build submenu | 17 | |
| Enter hero's abilities submenu | 9 | |
| Give item / drop item | 1 | |
| Right click | 1064 | |
| Select / deselect | 218 | |
| Select group hotkey | 662 | |
| Use ability | 93 | |
2198 total
» units
| Peasant | 8 | |
| Footman | 7 | |
| Gryphon Rider | 12 | |
27 total
» upgrades
| Masonry | 1 | |
| Storm Hammers | 1 | |
| Swords | 2 | |
| Armor | 1 | |
5 total
» buildings
| Altar of Kings | 1 | |
| Barracks | 1 | |
| Farm | 13 | |
| Scout Tower | 6 | |
| Arcane Vault | 1 | |
| Arcane Tower | 1 | |
| Keep | 1 | |
| Lumber Mill | 1 | |
| Guard Tower | 5 | |
| Blacksmith | 1 | |
| Castle | 2 | |
| Gryphon Aviary | 2 | |
| Town Hall | 1 | |
36 total
» build order
00:14 Altar of Kings
00:22 Barracks
00:38 Farm
00:57 Farm
01:35 Farm
01:45 Scout Tower
02:04 Arcane Vault
02:15 Arcane Tower
02:42 Farm
03:36 Keep
04:06 Scout Tower
04:10 Scout Tower
04:14 Lumber Mill
05:07 Farm
05:07 Farm
05:43 Guard Tower
05:49 Blacksmith
06:09 Castle
06:10 Castle
07:26 Gryphon Aviary
07:27 Gryphon Aviary
07:31 Farm
07:32 Farm
07:32 Farm
15:27 Scout Tower
15:27 Scout Tower
15:28 Scout Tower
16:39 Guard Tower
16:39 Guard Tower
18:56 Guard Tower
18:59 Farm
19:00 Farm
19:00 Farm
26:12 Town Hall
» items
| Scroll of Regeneration | 3 | |
| Scroll of Healing | 1 | |
| Staff of Teleportation | 1 | |
| Potion of Lesser Invulnerability | 2 | |
| Lesser Clarity Potion | 1 | |
| Scroll of Town Portal | 2 | |
| Potion of Mana | 1 | |
| Potion of Healing | 1 | |
| Dust of Appearance | 1 | |
| Orb of Fire | 1 | |
14 total
PIato (
blue | 81 APM | 2867 actions | 35:11)
» actions
| Assign group hotkey | 3 | |
| Build / train | 31 | |
| Enter build submenu | 21 | |
| Right click | 1246 | |
| Select / deselect | 122 | |
| Select group hotkey | 1426 | |
| Use ability | 18 | |
2867 total
» units
» upgrades
| Gunpowder | 3 | |
| Plating | 3 | |
| Lumber Harvesting | 1 | |
| Flak Cannons | 1 | |
| Flying Machine Bombs | 1 | |
9 total
» buildings
| Lumber Mill | 1 | |
| Farm | 7 | |
| Keep | 1 | |
| Blacksmith | 1 | |
| Altar of Kings | 1 | |
| Castle | 1 | |
| Workshop | 4 | |
16 total
» build order
00:25 Lumber Mill
01:09 Farm
01:47 Farm
02:24 Farm
02:50 Keep
02:56 Blacksmith
03:12 Altar of Kings
04:22 Farm
04:32 Farm
05:08 Farm
05:13 Farm
05:49 Castle
06:14 Workshop
06:18 Workshop
07:20 Workshop
07:26 Workshop
Chat log
(00:22 / All) Maaaaaaaaaaaaan: gg
(00:29 / All) bigT: bye
(01:00 / All) bigT: thought you were leaving?
(01:02 / All) Maaaaaaaaaaaaan: no
(01:09 / All) Maaaaaaaaaaaaan: I was saying gg to your team
(01:11 / All) Maaaaaaaaaaaaan: because it lost
(01:13 / All) Maaaaaaaaaaaaan: and was raped
(01:25 / All) reflexzz: treated
(01:49 / All) audi-A7: gg to you
(02:58 / All) audi-A7: y r you kill me ?
(04:11 / Allies) tatarinov: hit blue
(04:15 / Allies) Maaaaaaaaaaaaan: k
(04:24 / Allies) tatarinov: no teal
(04:32 / Allies) tatarinov: gren
(05:14 / Allies) reflexzz: imcummin
(07:07 / Allies) tatarinov: hit again
(10:29 / All) reflexzz: yea u piece of shit
(10:44 / All) fadfsdfsfsd: its not my fault my team has nothing
(11:41 / Allies) reflexzz: gimmie gold
(13:06 / All) reflexzz: u mad u faggot
(13:33 / Allies) tatarinov: main
(13:44 / All) reflexzz: u mad u faggot
(14:23 / Allies) tatarinov: out
(15:01 / All) reflexzz: u mad u faggot
(15:02 / Allies) Maaaaaaaaaaaaan: 200 gold please to rebuild
(15:36 / Allies) Maaaaaaaaaaaaan: 200 gold please
(15:46 / Allies) Maaaaaaaaaaaaan: thanks
(17:34 / Allies) Breezewood: gold plz
(17:50 / Allies) Breezewood: 200 g
(18:20 / All) reflexzz: umad u faggot
(18:23 / Allies) Breezewood: GOLD
(18:50 / Allies) reflexzz: give me fucking gold now
(18:55 / Allies) Maaaaaaaaaaaaan: nobody has any, stfu
(19:07 / Allies) reflexzz: ty oj
(19:09 / Allies) reflexzz: fuk u green
(19:19 / Allies) reflexzz: red
(19:26 / Allies) reflexzz: ill pool u ur money
(19:29 / Allies) reflexzz: go build a base
(20:16 / All) PIato: nah
(20:33 / Allies) tatarinov: b
(21:05 / Allies) reflexzz: i need gold
(21:09 / Allies) reflexzz: not lumba
(21:15 / Allies) reflexzz: 200 gold
(21:31 / Allies) reflexzz: actually i dont have any units
(21:52 / Allies) reflexzz: oj give 200 gold to red
(23:09 / All) fadfsdfsfsd: u noobs can leave
(23:11 / All) fadfsdfsfsd: yellow
(23:14 / All) fadfsdfsfsd: i embarassed ur pride
(23:20 / All) reflexzz: fuck u faggot u got lucky as shit green was a jew
(23:22 / All) Maaaaaaaaaaaaan: yellow wouldn't stop begging for gold
(23:24 / All) Maaaaaaaaaaaaan: he was a retard
(23:38 / All) reflexzz: no green wasa fukin jew he was fucking cheap as shit
(23:40 / All) PIato: lets not all forget how awesome blue is
(23:53 / All) Maaaaaaaaaaaaan: plato is awesome indeed
(23:58 / All) Maaaaaaaaaaaaan: good philosopher, good wc3 player
(24:14 / All) PIato: good at everything
(24:23 / All) Maaaaaaaaaaaaan: basically
(24:33 / All) fadfsdfsfsd: i didnt know blue killed ur shit green
(24:37 / All) fadfsdfsfsd: how
(24:42 / All) Maaaaaaaaaaaaan: he did with his flying mortars
(24:45 / All) Maaaaaaaaaaaaan: my castle mainly
(24:46 / All) PIato: oh i did way back
(24:52 / All) PIato: before i knew green was tk
(25:51 / All) fadfsdfsfsd: i know ive played plato before
(26:39 / Allies) Maaaaaaaaaaaaan: ty
(29:12 / All) fadfsdfsfsd: \/r focus
(34:43 / All) fadfsdfsfsd: green is hella good damn
(34:47 / All) fadfsdfsfsd: how we gonna siege that
(34:58 / All) PIato: alright green and purp your games are getting tired
(35:08 / All) PIato: work it out amongst yourselves
(35:08 / All) Maaaaaaaaaaaaan: lol
(35:46 / All) fadfsdfsfsd: use starfall
(35:47 / All) fadfsdfsfsd: pink
(36:30 / All) Maaaaaaaaaaaaan: OWNED
(36:41 / All) fadfsdfsfsd: teal
(36:44 / All) fadfsdfsfsd: if u leave u get a tie
(36:49 / All) fadfsdfsfsd: if u stay, u get a loss
(36:50 / All) fadfsdfsfsd: up to u
(37:34 / All) Maaaaaaaaaaaaan: looks like he wants a loss
(37:36 / All) fadfsdfsfsd: but what
(37:44 / All) fadfsdfsfsd: ok lets stats ur team
(38:00 / All) Maaaaaaaaaaaaan: tatarinov
(38:05 / All) Maaaaaaaaaaaaan: 42w - 23l
(38:14 / All) fadfsdfsfsd: what
(38:23 / All) Maaaaaaaaaaaaan: breezewood - 3w - 3l
(38:31 / All) fadfsdfsfsd: oh
(38:36 / All) Maaaaaaaaaaaaan: reflexzz - 0w - 2l solo
(38:42 / All) Maaaaaaaaaaaaan: 131w - 144l team
(38:52 / All) fadfsdfsfsd: orange loses i say
(38:58 / All) Maaaaaaaaaaaaan: yes
(39:02 / All) Maaaaaaaaaaaaan: I want
(39:05 / All) Maaaaaaaaaaaaan: to kill an ancient hydra
(39:06 / All) Maaaaaaaaaaaaan: first
(39:11 / All) fadfsdfsfsd: k
(39:18 / All) fadfsdfsfsd: best on my team is only 88-73
(39:49 / All) fadfsdfsfsd: lets 2 man them
(39:51 / All) fadfsdfsfsd: with 2 mks
(39:53 / All) Maaaaaaaaaaaaan: ok
(40:27 / All) Maaaaaaaaaaaaan: raped
(40:43 / All) Maaaaaaaaaaaaan: WTF RIFLEMEN
(40:50 / All) fadfsdfsfsd: u jbiw
(40:52 / All) fadfsdfsfsd: next
(40:53 / All) fadfsdfsfsd: group
(41:02 / All) Maaaaaaaaaaaaan: still killing hatchlings
(41:07 / All) Maaaaaaaaaaaaan: omw
(41:35 / All) fadfsdfsfsd: feels like wow
(41:42 / All) Maaaaaaaaaaaaan: yeah
(41:53 / All) Maaaaaaaaaaaaan: 3 mks
(41:57 / All) Maaaaaaaaaaaaan: look
(42:14 / All) Maaaaaaaaaaaaan: jk wand of illusion
(42:30 / All) fadfsdfsfsd: duh, i played an offlien custom game where i had 20 tinkers
(42:48 / All) fadfsdfsfsd: in robo forum
(42:52 / All) Maaaaaaaaaaaaan: level 8
(43:35 / All) Maaaaaaaaaaaaan: level 10 mountain king
(44:26 / All) fadfsdfsfsd: ok leave lagging
(44:27 / All) Maaaaaaaaaaaaan: 3/3 riflemen
(44:36 / All) fadfsdfsfsd: what time iwll u be on tomorrow
(44:41 / All) Maaaaaaaaaaaaan: not sure
(44:44 / All) Maaaaaaaaaaaaan: afternoon
(44:46 / All) Maaaaaaaaaaaaan: definitely
(44:49 / All) fadfsdfsfsd: u leave
(44:52 / All) Maaaaaaaaaaaaan: k